 Dungeon Crawl Stone Soup version 0.31-a0-313-g785cd24033 (webtiles) character file.

Game seed: 5489449220753509150

2487222 Olga the Heavyweight Champion (level 26, 288/288 HPs)
             Began as a Troll Enchanter on July 17, 2023.
             Was the Champion of Wu Jian.
             Escaped with the Orb
             ... and 4 runes!
             The game lasted 02:28:10 (62960 turns).

Olga the Heavyweight Champion (Troll Enchanter)    Turns: 62960, Time: 02:28:11

Health: 288/288    AC: 16    Str: 26    XL:     26   Next: 95%
Magic:  14/14      EV: 35    Int: 11    God:    Wu Jian [******]
Gold:   5373       SH:  0    Dex: 15    Spells: 27/27 levels left

rFire   + .          .
                       - Unarmed
rCold   + + +        U - melded +9 kite shield of the Original Sin {rF+ rC+ Str-5 Stlth+}
rNeg    . . .        V - melded +1 gold dragon scales
rPois   inf          W - melded +2 hat
rElec   +            M - melded +0 cloak "Xafegoha" {-Cast rElec rF++ Int-3}
rCorr   +            (gloves unavailable)
SInv    .            (boots unavailable)
Will    ++...        k - amulet of Eqaobb {+Blink rC+++ Regen+ MP-9 Dex+3}
Stlth   ++           b - ring of Ruot {rC+ rCorr Str+2}
HPRegen 2.28/turn    y - ring "Ubim" {Fire Fly Will+ Str-5 Stlth+}
MPRegen 0.14/turn

%: no passive effects
@: storm-form, flying, studying Spellcasting
A: cleaving, insubstantial, flying, large, unfitting armour, (claws 3),
regeneration 1, (shaggy fur 1), (tough skin 1), thin skeletal structure 1,
clumsy 1, deterioration 1, mutation resistance 1
0: Orb of Zot
}: 4/15 runes: serpentine, barnacled, slimy, silver
a: Blinkbolt, Begin Untransformation, Renounce Religion, Evoke Blink, Wall Jump,
Serpent's Lash, Heavenly Storm


You escaped.
You worshipped Wu Jian.
Wu Jian was exalted by your worship.
You were a lightning-filled tempest!
You visited 12 branches of the dungeon, and saw 56 of its levels.
You visited the Abyss 1 time.
You visited 1 bazaar.
You also visited: Ice Cave.

You collected 10619 gold pieces.
You spent 5246 gold pieces at shops.

Inventory:

Missiles
 t - 9 throwing nets
 x - 7 curare-tipped darts
 X - 75 large rocks (quivered)
Armour
 M - the +0 cloak "Xafegoha" (melded) {-Cast rElec rF++ Int-3}
   (You acquired it on level 5 of the Vaults)

   Int:       It affects your intelligence (-3).
   rF:        It greatly protects you from fire.
   rElec:     It insulates you from electricity.
   -Cast:     It prevents spellcasting.
 U - the +9 kite shield of the Original Sin (melded) {rF+ rC+ Str-5 Stlth+}
   (You found it on level 4 of the Lair of Beasts)

   Str:       It affects your strength (-5).
   rF:        It protects you from fire.
   rC:        It protects you from cold.
   Stlth:     It makes you more stealthy.
 V - +1 gold dragon scales (melded)
 W - a +2 hat (melded)
Jewellery
 a - a ring of poison resistance
 b - the ring of Ruot (left fist) {rC+ rCorr Str+2}
   (You bought it in a shop on level 2 of the Depths)

   [ring of resist corrosion]

   Str:       It affects your strength (+2).
   rC:        It protects you from cold.
   rCorr:     It protects you from acid and corrosion.
 h - a ring of positive energy
 k - the amulet of Eqaobb (around neck) {+Blink rC+++ Regen+ MP-9 Dex+3}
   (You found it on level 3 of the Crypt)

   [amulet of regeneration]

   Dex:       It affects your dexterity (+3).
   rC:        It renders you almost immune to cold.
   MP:        It affects your magic capacity (-9).
   +Blink:    It lets you blink.
   Regen:     It increases your rate of health regeneration.
 m - the ring of Xaihaemi {Int+6 SInv}
   (You took it off a vault guard on level 5 of the Vaults)

   [ring of intelligence]

   Int:       It affects your intelligence (+6).
   SInv:      It lets you see invisible.
 r - the ring of Hironeach {rElec rF+ Str+6 Int+4}
   (You found it on level 3 of the Crypt)

   [ring of strength]

   Str:       It affects your strength (+6).
   Int:       It affects your intelligence (+4).
   rF:        It protects you from fire.
   rElec:     It insulates you from electricity.
 u - a ring of protection from fire
 y - the ring "Ubim" (right fist) {Fire Fly Will+ Str-5 Stlth+}
   (You bought it in a shop on level 3 of the Elven Halls)

   [ring of fire]

   It enhances your fire magic.
   Str:       It affects your strength (-5).
   rF:        It protects you from fire.
   rC:        It makes you vulnerable to cold.
   Fly:       It grants you flight.
   Will:      It increases your willpower.
   Stlth:     It makes you more stealthy.
 P - a +4 ring of slaying
 Z - the ring "Hidialak" {rC+ Str+6}
   (You found it on level 1 of the Elven Halls)

   [ring of strength]

   Str:       It affects your strength (+6).
   rC:        It protects you from cold.
Talismans
 s - a storm talisman
 D - a talisman of death
Wands
 l - a wand of flame (97)
 o - a wand of acid (69)
 v - a wand of digging (11)
 z - a wand of polymorph (37)
 E - a wand of mindburst (54)
 G - a wand of charming (45)
 Q - a wand of iceblast (73)
Scrolls
 j - 12 scrolls of teleportation
 n - 5 scrolls of blinking
 p - 8 scrolls of fog
 q - a scroll of revelation
 C - 6 scrolls of immolation
 F - 8 scrolls of fear
 K - 7 scrolls of summoning
 O - 4 scrolls of vulnerability
 S - 4 scrolls of torment
 Y - 5 scrolls of silence
Potions
 c - 4 potions of invisibility
 e - 4 potions of haste
 f - 14 potions of might
 i - 22 potions of curing
 w - 5 potions of resistance
 A - 5 potions of cancellation
 B - 4 potions of mutation
 H - 6 potions of heal wounds
 I - 2 potions of ambrosia
 N - 3 potions of attraction
 T - 7 potions of enlightenment
Miscellaneous
 d - a tin of tremorstones (2/2)
 g - a phantom mirror
 J - a phial of floods
 L - a lightning rod (4/4)
 R - a sack of spiders


   Skills:
 + Level 21.5 Fighting
 - Level 0.7 Short Blades
 - Level 2.2 Throwing
 - Level 15.1 Armour
 - Level 9.3 Dodging
 - Level 1.5 Stealth
 - Level 9.7 Shields
 O Level 27 Unarmed Combat
 - Level 1.2 Spellcasting
 - Level 2.0 Hexes
 - Level 7.4 Evocations
 - Level 21.6 Shapeshifting


You had 27 spell levels left.
You didn't know any spells.
Your spell library contained the following spells:

 Spells                   Type           Power      Damage    Failure   Level
 Apportation              Tloc           0%         N/A       32%         1
 Foxfire                  Conj/Fire      4%         2x1d4     32%         1
 Freeze                   Ice            0%         1d3       32%         1
 Kiss of Death            Conj/Necr      0%         2d5       32%         1
 Magic Dart               Conj           0%         1d3       32%         1
 Necrotise                Necr           0%         1d4       32%         1
 Sandblast                Erth           0%         2d4       32%         1
 Shock                    Conj/Air       0%         1d3       32%         1
 Sting                    Tmut/Pois      0%         1d3       32%         1
 Summon Small Mammal      Summ           0%         N/A       32%         1
 Ensorcelled Hibernation  Hex/Ice        4%         N/A       32%         2
 Confusing Touch          Hex            5%         N/A       38%         3
 Tukima's Dance           Hex            5%         N/A       38%         3
 Blink                    Tloc           0%         N/A       43%         2
 Call Imp                 Summ           0%         N/A       43%         2
 Cigotuvi's Dreadful Rot  Necr/Pois/Air  0%         N/A       43%         2
 Lesser Beckoning         Tloc           0%         N/A       43%         2
 Momentum Strike          Conj/Tloc      0%         3d8       43%         2
 Poisonous Vapours        Pois/Air       0%         N/A       43%         2
 Scorch                   Fire           2%         2d5       43%         2
 Searing Ray              Conj           0%         2d4       43%         2
 Dazzling Flash           Conj/Hex       4%         N/A       54%         3
 Portal Projectile        Hex/Tloc       4%         N/A       54%         3
 Summon Guardian Golem    Hex/Summ       2%         N/A       54%         3
 Call Canine Familiar     Summ           0%         N/A       67%         3
 Frozen Ramparts          Ice            0%         1d1       67%         3
 Gell's Gravitas          Tloc           0%         N/A       67%         3
 Hailstorm                Conj/Ice       0%         3d3       67%         3
 Ignite Poison            Fire/Tmut/Pois 1%         N/A       67%         3
 Mephitic Cloud           Conj/Pois/Air  0%         N/A       67%         3
 Ozocubu's Armour         Ice            0%         N/A       67%         3
 Stone Arrow              Conj/Erth      0%         3d7       67%         3
 Swiftness                Air            0%         N/A       67%         3
 Teleport Other           Tloc           0%         N/A       67%         3
 Vhi's Electric Charge    Tloc/Air       0%         N/A       67%         3
 Cause Fear               Hex            2%         N/A       80%         4
 Anguish                  Hex/Necr       1%         N/A       91%         4
 Fulminant Prism          Conj/Hex       1%         3d5       91%         4
 Leda's Liquefaction      Hex/Erth       1%         N/A       91%         4
 Airstrike                Air            0%         2d(0-16)  97%         4
 Animate Armour           Summ/Erth      0%         N/A       97%         4
 Animate Dead             Necr           0%         N/A       97%         4
 Dispel Undead            Necr           0%         3d6       97%         4
 Flame Wave               Conj/Fire      1%         2d4       97%         4
 Iskenderun's Mystic Bla  Conj/Tloc      0%         2d3       97%         4
 Manifold Assault         Tloc           0%         N/A       97%         4
 Olgreb's Toxic Radiance  Pois           0%         N/A       97%         4
 Passage of Golubria      Tloc           0%         N/A       97%         4
 Petrify                  Tmut/Erth      0%         N/A       97%         4
 Sticky Flame             Conj/Fire      1%         2d3       97%         4
 Summon Ice Beast         Ice/Summ       0%         N/A       97%         4
 Summon Lightning Spire   Summ/Air       0%         N/A       97%         4
 Metabolic Englaciation   Hex/Ice        1%         N/A       99%         5
 Summon Mana Viper        Hex/Summ       2%         N/A       99%         5
 Yara's Violent Unravell  Hex/Tmut       1%         3d3       99%         5
 Alistair's Intoxication  Tmut/Pois      0%         N/A       100%        5
 Arcjolt                  Conj/Air       0%         1d10      100%        5
 Borgnjor's Vile Clutch   Necr/Erth      0%         N/A       100%        5
 Fireball                 Conj/Fire      0%         3d3       100%        5
 Freezing Cloud           Conj/Ice/Air   0%         6-21      100%        5
 Irradiate                Conj/Tmut      0%         3d11      100%        5
 Iskenderun's Battlesphe  Conj           0%         2d6       100%        5
 Lee's Rapid Deconstruct  Erth           0%         3d4*      100%        5
 Summon Forest            Summ/Tloc      0%         N/A       100%        5
 Conjure Ball Lightning   Conj/Air       0%         3x3d6     100%        6
 Death Channel            Necr           0%         N/A       100%        6
 Dispersal                Tloc           0%         N/A       100%        6
 Plasma Beam              Fire/Air       0%         2x1d10    100%        6
 Simulacrum               Ice/Necr       0%         N/A       100%        6
 Summon Cactus Giant      Summ           0%         N/A       100%        6
 Enfeeble                 Hex            2%         N/A       100%        7
 Haunt                    Necr/Summ      0%         N/A       100%        7
 Ozocubu's Refrigeration  Ice            0%         4d7       100%        7
 Borgnjor's Revivificati  Necr           0%         N/A       100%        8
 Discord                  Hex            2%         N/A       100%        8
 Disjunction              Tloc           0%         N/A       100%        8
 Ignition                 Fire           0%         3d3       100%        8
 Maxwell's Capacitive Co  Air            0%         death     100%        8
 Summon Horrible Things   Summ           0%         N/A       100%        8
 Chain Lightning          Conj/Air       0%         N/A       100%        9
 Death's Door             Necr           0%         N/A       100%        9
 Fire Storm               Conj/Fire      0%         6d1       100%        9
 Shatter                  Erth           0%         3d5*      100%        9


Dungeon Overview and Level Annotations

Branches:
Dungeon (15/15)            Temple (1/1) D:7            Lair (5/5) D:8
 Shoals (4/4) Lair:3        Snake (4/4) Lair:3        Slime (5/5) Lair:5
    Orc (2/2) D:12            Elf (3/3) Orc:2        Vaults (5/5) D:13
  Crypt (3/3) Vaults:2       Tomb (0/3) Crypt:3      Depths (4/4) D:15
    Zot (5/5) Depths:4      IceCv (visited)

Altars:
Ashenzari
Cheibriados
Dithmenos
Elyvilon
Fedhas
Gozag
Hepliaklqana
Kikubaaqudgha
Makhleb
Nemelex Xobeh
Okawaru
Qazlal
Ru
Sif Muna
Trog
Uskayaw
Vehumet
Wu Jian
Xom
Yredelemnul
Zin
The Shining One
Jiyva

Shops:
D:1 [   D:13 *   Orc:2 *:([   Elf:3 =:[[   Shoals:2 (   Snake:3 *   Snake:4 *
Vaults:2 [*?   Vaults:3 [   Depths:1 *   Depths:2 :=:

Portals:
Hell: Depths:1 Depths:2 Depths:3 Depths:4
Abyss: Depths:3 Depths:4
Pandemonium: Depths:2 Depths:4
Ziggurat: Depths:2

Annotations:
Lair:3 2 transporters, Keurics's ghost, journeyman DrSh
Elf:2 3 runed translucent doors, exclusion: 3 doors


Innate Abilities, Weirdness & Mutations

You are a lightning-filled tempest!
Your electrical attacks strike out in all directions at once.
You are incredibly evasive.
Your insubstantial body is immune to petrification, constriction, and being set on fire You are flying.
Your armour is entirely melded.
You are incapable of wielding weapons or throwing items.
You are too large for most types of armour.
You are immune to poison.
((You have claws for hands.))
Your natural rate of healing is unusually fast.
((You are covered in fur. (AC +1)))
((You have tough skin. (AC +1)))
You have a somewhat thin skeletal structure. (Dex +2, Stealth+)
You are clumsy. (Dex -2)
Your body sometimes deteriorates upon taking damage.
You are somewhat resistant to further mutation.


Message History

The Orb Guardian is severely wounded.
You hit the Orb Guardian but do no damage.
The Orb Guardian is severely wounded.
The Orb Guardian closely misses you.
You blast the Orb Guardian!!!!
You kill the Orb Guardian!
The Council accepts your kill.
No target in view!
No target in view!
An Iwotwumai, a rust devil and a lich come into view.
You spin and attack Iwotwumai repeatedly.
You blast Iwotwumai!!!
You punch Iwotwumai!!
Iwotwumai is heavily wounded.
You barely miss Iwotwumai.
Iwotwumai is heavily wounded.
There is a staircase leading out of the dungeon here.
You see here a +1 dagger.
Press: ? - help, v - describe, . - travel
Here: Iwotwumai, armed with an electric touch (heavily wounded)
The floor.
You batter Iwotwumai!!
Iwotwumai is heavily wounded.
You hit Iwotwumai. You punch Iwotwumai, but do no damage.
Iwotwumai is heavily wounded.
Iwotwumai gestures.
You blast Iwotwumai!!!!
You kill Iwotwumai!
The Council accepts your kill.
The Executioner disappears in a puff of smoke!
You batter the rust devil!!
You feel your dexterity returning.
You batter the rust devil!!
You kill the rust devil!
The Council accepts your kill.
You blast the lich!!!!
You destroy the lich!
The Council accepts your kill.
No target in view!
No target in view!
You have escaped!

#######.###.#####..# ##.## #.#
........# #.# #..######.#####.#
###########.# #.............#.#
............# ##.######.###.#.#
###########.# #.# #.# #.#.. #.#
#.# ##.# #.### ##.# #.# #..# #.#
# #.########### #.## #.# #
#.#....v....# #.# #.# #
#.#.........# #.# #.# #
#.#.........# #.# #.# #
#.#..#...#..# #.####.###
#.#.........# #.##.....#
#.#.........# #.##.###.#
#.#..#...#..# #.##.# #..
##########.#..00.....###.##.###.#
...............~.~...............


There were no monsters in sight!

Vanquished Creatures
  the Royal Jelly (Slime:5)
  4 dread liches
  10 orbs of fire
  An ancient lich (Zot:5)
  Mara (Vaults:5)
  A pandemonium lord (D:1)
  2 juggernauts (Depths:3)
  A royal mummy (Crypt:3)
  Vashnia (Snake:4)
  3 shard shrikes (Depths:2)
  9 Killer Klowns
  Xtahua (Vaults:2)
  Saint Roka (Depths:2)
  A curse toe (Zot:5)
  3 caustic shrikes (Depths:4)
  8 golden dragons
  A bone dragon (Depths:4)
  2 electric golems (Zot:5)
  Jorgrun (D:12)
  A Tzitzimitl (D:4)
  A Brimstone Fiend (D:9)
  Rupert (Lair:3)
  14 tentacled monstrosities
  6 liches
  A walking crystal tome (Depths:3)
  A walking earthen tome (Depths:3)
  28 Orb Guardians
  A deep elf blademaster (Elf:3)
  3 titans (Vaults:5)
  6 ancient champions
  3 quicksilver dragons
  20 acid blobs
  2 krakens
  A deep elf master archer (Elf:3)
  An Executioner (D:4)
  A tentacled starspawn (Abyss:2)
  8 death cobs
  Kirke (D:15)
  10 sphinxes
  4 revenants
  11 shadow dragons
  9 tengu reavers
  Donald (Snake:2)
  3 nagarajas (Snake:4)
  13 storm dragons
  Roxanne (D:14)
  10 draconian knights
  16 azure jellies
  Aizul (Vaults:1)
  8 rockslimes
  10 draconian monks
  5 fire giants
  A nargun (Depths:2)
  13 vault wardens
  7 frost giants
  2 iron dragons
  8 draconian scorchers
  5 deep elf sorcerers
  4 ghost moths
  2 curse skulls (Crypt:3)
  Louise (Elf:3)
  An emperor scorpion (shapeshifter) (Vaults:5)
  7 draconian shifters
  A juggernaut zombie (Crypt:2)
  2 deep elf elementalists (Elf:3)
  21 ghouls
  A spriggan defender (Depths:3)
  8 quicksilver oozes
  8 draconian annihilators
  7 ironbound thunderhulks
  2 orc warlords
  11 ironbound preservers
  4 angels
  20 very ugly things
  6 draconian stormcallers
  2 war gargoyles
  11 stone giants
  7 vampire knights
  11 green draconians
  8 formless jellyfish
  A reaper (Depths:2)
  2 juggernaut skeletons (Crypt:2)
  9 deep elf demonologists
  A caustic shrike skeleton (Crypt:3)
  Nessos (Lair:4)
  13 black draconians
  13 red draconians
  9 deep elf annihilators
  3 minotaurs (Shoals:4)
  3 dire elephants
  21 purple draconians
  Azrael (D:15)
  4 yellow draconians
  3 spark wasps (Depths:4)
  18 white draconians
  6 eidola
  Snorg (D:12)
  2 blizzard demons (Depths:2)
  6 deep elf death magi
  6 ettins
  8 fire dragons
  6 deep elf high priests
  Josephine (Orc:2)
  6 merfolk javelineers
  A quicksilver dragon zombie (Crypt:2)
  3 mummy priests (Crypt:3)
  2 entropy weavers
  11 yaktaur captains
  12 jiangshi
  A spriggan zombie (Crypt:2)
  5 merfolk impalers
  8 ice dragons
  Harold (D:9)
  5 hydras
  2 caustic shrike simulacra (Depths:2)
  7 great orbs of eyes
  2 ogre magi
  30 vault guards
  2 spriggan air magi
  9 ironbound frosthearts
  4 catoblepae
  Erolcha (D:11)
  2 peacekeepers
  3 death knights
  4 merfolk aquamancers
  3 merfolk avatars
  7 centaur warriors
  3 salamander tyrants (Snake:4)
  7 boulder beetles
  9 deep troll earth magi
  7 naga warriors
  8 deep troll shamans
  An alligator snapping turtle (Shoals:2)
  5 anacondas
  6 two-headed ogres
  An azure jelly zombie (Crypt:3)
  11 vampire magi
  8 death yaks
  13 dancing weapons
  5 shock serpents
  10 tengu warriors
  8 naga sharpshooters
  A spriggan berserker (Depths:4)
  8 satyrs
  Urug (D:12)
  An emperor scorpion zombie (Crypt:1)
  3 orc high priests
  16 deep elf knights
  2 soul eaters
  Nergalle (D:11)
  2 sixfirhies (Depths:2)
  39 skeletal warriors
  2 shadow wraiths (Crypt:3)
  7 hell knights (Depths:3)
  Amaemon (D:9)
  4 skysharks
  A storm dragon zombie (Crypt:2)
  A storm dragon skeleton (Crypt:1)
  A salamander mystic (Snake:4)
  10 iron trolls
  2 glowing orange brains
  A sea snake (shapeshifter) (Vaults:5)
  7 sea snakes
  30 deep trolls
  3 naga ritualists (Snake:4)
  16 lindwurms
  3 flayed ghosts
  A golden dragon skeleton (Crypt:2)
  A spriggan simulacrum (Crypt:2)
  12 bog bodies
  12 wizards
  7 deep elf archers
  An anaconda skeleton (Crypt:2)
  2 orange crystal statues (Depths:2)
  10 ironbound convokers
  A lindwurm (shapeshifter) (Elf:3)
  16 phantasmal warriors
  12 orc knights
  43 ugly things
  23 harpies
  6 necromancers
  30 deep elf pyromancers
  26 deep elf zephyrmancers
  9 mana vipers
  6 orc sorcerers
  2 fauns (shapeshifter) (Vaults:5)
  2 shining eyes
  5 cyclopes
  9 manticores
  10 fauns
  12 salamanders
  21 moths of wrath
  12 elephants (Lair:5)
  An eleionoma skeleton (Crypt:3)
  An elephant (shapeshifter) (Vaults:1)
  Joseph (D:7)
  28 black mambas
  A formless jellyfish zombie (Crypt:1)
  2 guardian serpents (Snake:4)
  10 naga magi
  2 smoke demons (Abyss:2)
  3 merfolk sirens
  2 eyes of devastation (Slime:3)
  An orange demon (D:9)
  A rust devil (D:1)
  An elephant slug zombie (Crypt:2)
  Maggie (D:7)
  3 eyes of devastation (shapeshifter)
  5 water nymphs
  17 vault sentinels
  20 cane toads
  A centaur skeleton (Crypt:2)
  3 gargoyles
  An ice statue (IceCv)
  2 hellions
  An unseen horror (D:12)
  6 yaktaurs
  A kobold demonologist (D:8)
  2 efreet
  9 freezing wraiths
  4 rime drakes
  2 komodo dragons (shapeshifter) (D:12)
  An alligator snapping turtle skeleton (Crypt:1)
  30 guardian mummies (Crypt:3)
  2 ice devils (D:11)
  7 komodo dragons
  A harpy zombie (Crypt:3)
  7 tengu conjurers
  A yellow draconian skeleton (Crypt:2)
  A golden dragon simulacrum (Depths:2)
  11 merfolk
  An unseen horror skeleton (Crypt:3)
  6 trolls
  A wolf spider simulacrum (D:13)
  6 hellwings
  5 wind drakes
  14 polar bears
  25 blink frogs
  A boulder beetle zombie (Crypt:1)
  A fire giant simulacrum (Depths:2)
  10 snapping turtles
  9 dream sheep
  A culicivora (Vaults:3)
  4 flying skulls (Crypt:1)
  3 shadows
  23 water elementals
  An air elemental (Elf:1)
  A black mamba zombie (Crypt:2)
  99 slime creatures
  Sigmund (D:3)
  3 hogs (D:15)
  14 wraiths
  83 yaks
  8 ushabtiu (Crypt:3)
  A ynoxinul (D:13)
  6 golden eyes
  3 basilisks
  4 wyverns
  8 vampire mosquitoes (D:15)
  18 humans (D:13)
  4 redbacks
  4 chaos spawn
  5 steam dragons
  8 fire elementals
  An acid dragon (Zot:2)
  A fire bat zombie (Crypt:2)
  5 wargs
  3 hell hounds (D:15)
  A large abomination (D:4)
  19 water moccasins
  Duvessa (D:6)
  40 nagas
  A floating eye (Depths:4)
  38 orc warriors
  A naga skeleton (Crypt:2)
  4 sky beasts
  A sky beast (shapeshifter) (Vaults:5)
  4 black bears
  A manticore zombie (Crypt:2)
  A lindwurm zombie (Crypt:3)
  37 wolves
  8 ogres
  5 centaurs
  A phantom (D:6)
  2 kobold brigands
  9 bullfrogs
  A rime drake skeleton (Crypt:3)
  9 necrophages
  2 earth elementals
  4 scorpions
  5 wights (D:8)
  Dowan (D:6)
  A queen bee zombie (Crypt:1)
  4 killer bees (D:9)
  A troll skeleton (Crypt:1)
  An electric eel (D:13)
  6 howler monkeys
  4 crimson imps (Depths:1)
  A basilisk zombie (Crypt:3)
  3 gnoll boudas
  3 hounds
  7 orc priests
  11 jellies
  A sleepcap (D:5)
  4 iguanas
  19 orc wizards
  Terence (D:3)
  A tengu zombie (Crypt:1)
  7 mummies (Crypt:3)
  17 gnolls
  10 adders
  2 shadow imps (D:6)
  3 white imps
  An ufetubus (D:7)
  3 worms
  2 dart slugs (D:1)
  75 orcs
  19 endoplasms
  A giant cockroach (D:1)
  2 goblins
  7 hobgoblins
  4 jackals (D:1)
  5 quokkas
  10 ball pythons
  3 bats
  An endoplasm zombie (Crypt:1)
  3 frilled lizards
  14 kobolds
  A quokka zombie (Crypt:3)
  3 rats
  A river rat skeleton (Crypt:3)
  10 tentacles
2312 creatures vanquished.

Vanquished Creatures (others)
  A lich (Zot:5)
  2 draconian knights
  A draconian shifter (Zot:1)
  A draconian annihilator (Zot:5)
  A deep elf annihilator (Elf:3)
  A wizard (Vaults:2)
  A deep elf zephyrmancer (Elf:1)
  A guardian mummy (Crypt:3)
  3 slime creatures (D:15)
  A ynoxinul (Zot:5)
  A golden eye (Slime:5)
  A warg (Depths:2)
  A naga (Snake:1)
  7 tentacles
23 creatures vanquished.

Grand Total: 2335 creatures vanquished

Notes
Turn   | Place    | Note
-------+----------+-------------------------------------------
     0 | D:1      | Olga the Troll Enchanter began the quest for the Orb.
     0 | D:1      | Reached XP level 1. HP: 16/16 MP: 1/1
   402 | D:1      | Reached XP level 2. HP: 24/24 MP: 2/2
   443 | D:1      | Reached skill level 1 in Shapeshifting
   874 | D:1      | Reached XP level 3. HP: 31/31 MP: 3/3
   874 | D:1      | Found Uhaqufyo's Armour Shop.
   997 | D:2      | Reached skill level 1 in Unarmed Combat
  1147 | D:2      | Reached XP level 4. HP: 9/40 MP: 4/4
  1320 | D:2      | Reached skill level 1 in Fighting
  1418 | D:2      | Identified a scroll of acquirement
  1418 | D:2      | Acquired 979 gold pieces
  1578 | D:3      | Noticed Sigmund
  1609 | D:3      | Reached XP level 5. HP: 22/48 MP: 5/5
  1642 | D:3      | Reached skill level 2 in Unarmed Combat
  2123 | D:3      | Noticed Terence
  2135 | D:3      | Killed Terence
  2353 | D:4      | Reached XP level 6. HP: 26/57 MP: 6/6
  3011 | D:4      | Reached skill level 3 in Unarmed Combat
  3212 | D:3      | Killed Sigmund
  3213 | D:3      | Reached XP level 7. HP: 45/66 MP: 7/7
  3274 | D:5      | Entered Level 5 of the Dungeon
  3359 | D:5      | Reached skill level 5 in Shapeshifting
  3459 | D:5      | Found a basalt altar of Yredelemnul.
  3473 | D:5      | Found a sacrificial altar of Ru.
  3558 | D:5      | Found an ancient bone altar of Kikubaaqudgha.
  3558 | D:5      | Found a glowing golden altar of the Shining One.
  3565 | D:5      | Found a hazy altar of Hepliaklqana.
  3567 | D:5      | Found a faded altar of an unknown god.
  3569 | D:5      | Found a faded altar of an unknown god.
  3742 | D:5      | Reached skill level 4 in Unarmed Combat
  4049 | D:5      | Reached XP level 8. HP: 58/75 MP: 8/8
  4224 | D:6      | Noticed Duvessa
  4236 | D:6      | Killed Duvessa
  4241 | D:6      | Noticed Dowan
  4245 | D:6      | Killed Dowan
  4643 | D:6      | Reached skill level 5 in Unarmed Combat
  5026 | D:7      | Noticed Joseph
  5044 | D:7      | Killed Joseph
  5045 | D:7      | Reached XP level 9. HP: 72/85 MP: 9/9
  5184 | D:7      | Noticed Maggie
  5227 | D:7      | Reached skill level 6 in Unarmed Combat
  5240 | D:7      | Reached skill level 5 in Fighting
  5345 | D:7      | Found a staircase to the Ecumenical Temple.
  5372 | Temple   | Entered the Ecumenical Temple
  5395 | Temple   | Became a worshipper of the Wu Jian Council
  5448 | D:7      | Killed Maggie
  5494 | D:7      | Found a hide-covered altar of Uskayaw.
  5615 | D:8      | Noticed a kobold demonologist
  5626 | D:8      | Killed a kobold demonologist
  5668 | D:8      | Reached skill level 7 in Unarmed Combat
  5675 | D:8      | Reached XP level 10. HP: 50/98 MP: 10/10
  5813 | D:8      | Reached * piety under Wu Jian
  5866 | D:8      | Found a staircase to the Lair.
  6054 | D:8      | Reached skill level 8 in Unarmed Combat
  6061 | D:8      | Noticed a deep elf pyromancer
  6068 | D:8      | Killed a deep elf pyromancer
  6492 | D:9      | Noticed Harold
  6508 | D:9      | Killed Harold
  6509 | D:9      | Reached skill level 9 in Unarmed Combat
  6901 | D:9      | Reached ** piety under Wu Jian
  6902 | D:9      | Reached XP level 11. HP: 111/111 MP: 11/11
  6927 | D:9      | Noticed Amaemon
  6962 | D:9      | Noticed a two-headed ogre
  7000 | D:9      | Killed a two-headed ogre
  7008 | D:9      | Killed Amaemon
  7159 | D:9      | Reached skill level 10 in Unarmed Combat
  7378 | D:10     | Entered Level 10 of the Dungeon
  7655 | D:10     | Noticed a two-headed ogre
  7661 | D:10     | Killed a two-headed ogre
  8098 | D:11     | Noticed a green ugly thing
  8149 | D:11     | Reached skill level 11 in Unarmed Combat
  8152 | D:11     | Killed a green ugly thing
  8289 | D:11     | Noticed Erolcha
  8304 | D:11     | Killed Erolcha
  8504 | D:11     | Noticed Nergalle
  8518 | D:11     | Killed Nergalle
  8519 | D:11     | Reached XP level 12. HP: 126/126 MP: 12/12
  8529 | D:11     | Reached skill level 10 in Fighting
  8534 | D:11     | Reached *** piety under Wu Jian
  8592 | D:11     | Found a frozen archway.
  8600 | D:11     | Reached skill level 12 in Unarmed Combat
  8609 | IceCv    | Entered an ice cave
  8847 | IceCv    | Noticed a death yak
  8847 | IceCv    | Noticed a death yak
  8983 | IceCv    | Killed a death yak
  8988 | IceCv    | Killed a death yak
  9037 | IceCv    | Noticed a death yak
  9037 | IceCv    | Noticed an ironbound frostheart
  9037 | IceCv    | Noticed an ironbound frostheart
  9054 | IceCv    | Killed an ironbound frostheart
  9055 | IceCv    | Reached skill level 13 in Unarmed Combat
  9067 | IceCv    | Reached **** piety under Wu Jian
  9076 | IceCv    | Noticed a death yak
  9298 | IceCv    | Killed an ironbound frostheart
  9304 | IceCv    | Killed a death yak
  9312 | IceCv    | Killed a death yak
  9387 | IceCv    | Identified the staff "Lompuleq" {rPois rF+ rC+ Conj}
  9445 | IceCv    | Identified the +2 trident of Law {drain, Int+3 Dex-5}
  9599 | IceCv    | Reached XP level 13. HP: 139/139 MP: 13/13
  9900 | Lair:1   | Entered Level 1 of the Lair of Beasts
 10253 | Lair:1   | Reached skill level 14 in Unarmed Combat
 11010 | Lair:2   | Reached skill level 1 in Evocations
 11411 | Lair:2   | Reached ***** piety under Wu Jian
 11951 | Lair:3   | Noticed Rupert
 11959 | Lair:3   | Noticed Keurics's ghost (journeyman DrSh)
 11961 | Lair:3   | Killed Rupert
 11990 | Lair:3   | Found a staircase to the Snake Pit.
 12079 | Lair:3   | Found a transporter.
 12087 | Lair:3   | Found a transporter.
 12266 | Lair:3   | Reached skill level 15 in Unarmed Combat
 12336 | Lair:3   | Found a staircase to the Shoals.
 12936 | Lair:4   | Identified the +9 kite shield of the Original Sin {rF+ rC+
                  | Str-5 Stlth+}
 13325 | Lair:4   | Noticed Nessos
 13363 | Lair:3   | Reached XP level 14. HP: 137/150 MP: 14/14
 13545 | Lair:4   | Killed Nessos
 13546 | Lair:4   | Reached skill level 1 in Shields
 14436 | Lair:5   | Entered Level 5 of the Lair of Beasts
 14804 | Lair:5   | Reached ****** piety under Wu Jian
 15102 | Lair:5   | Reached skill level 5 in Shields
 15707 | Lair:5   | Found a runed translucent door.
 15707 | Lair:5   | Found a viscous altar of Jiyva.
 15707 | Lair:5   | Found a staircase to the Slime Pits.
 16221 | Lair:5   | Got the Codex of Grit
 16712 | D:12     | Reached XP level 15. HP: 151/161 MP: 15/15
 16959 | D:12     | Reached skill level 1 in Throwing
 16974 | D:12     | Noticed a shadow dragon
 17205 | D:12     | Noticed Snorg
 17214 | D:12     | Killed Snorg
 17296 | D:12     | Noticed Urug
 17303 | D:12     | Killed Urug
 17311 | D:12     | Noticed Jorgrun
 17333 | D:12     | Killed Jorgrun
 17334 | D:12     | Reached skill level 16 in Unarmed Combat
 17461 | D:12     | Killed a shadow dragon
 17497 | D:12     | Got the Compendium of the Traveller
 17624 | D:12     | Found a staircase to the Orcish Mines.
 18040 | Orc:1    | Entered Level 1 of the Orcish Mines
 18247 | Orc:2    | Entered Level 2 of the Orcish Mines
 18247 | Orc:2    | Found a staircase to the Elven Halls.
 18247 | Orc:2    | Found Ilesedgh's General Store.
 18901 | Orc:2    | Paralysed by an orc sorcerer for 2 turns
 18973 | Orc:2    | Reached skill level 10 in Shapeshifting
 18989 | Orc:2    | Found Jiraugaff's Antique Weapon Boutique.
 19043 | Orc:2    | Found Korat's Antique Armour Shop.
 19047 | Orc:2    | Noticed Josephine
 19058 | Orc:2    | Killed Josephine
 19178 | Orc:2    | Found Faups's Book Boutique.
 19679 | Snake:1  | Entered Level 1 of the Snake Pit
 21050 | Snake:2  | Noticed Donald
 21062 | Snake:2  | Killed Donald
 21706 | Snake:3  | Found Rigguota's Assorted Antiques.
 21712 | Snake:3  | Reached XP level 16. HP: 170/170 MP: 16/16
 22141 | Snake:4  | Entered Level 4 of the Snake Pit
 23895 | Snake:4  | Found Didaicew's Overcharged Wands.
 26582 | Snake:4  | Got a serpentine rune of Zot
 26597 | Snake:4  | Noticed Vashnia
 26635 | Snake:4  | Killed Vashnia
 27443 | D:13     | Found Loraq's Gadget Gallery.
 27447 | D:13     | Bought a phial of floods for 480 gold pieces
 27447 | D:13     | Bought a sack of spiders for 480 gold pieces
 27447 | D:13     | Bought a tin of tremorstones (2/2) for 480 gold pieces
 27916 | D:13     | Reached skill level 15 in Shapeshifting
 28081 | D:13     | Found the +8 arc blade {discharge, rElec}
 28172 | D:13     | Found a gate to the Vaults.
 28729 | D:14     | Reached XP level 17. HP: 168/178 MP: 17/17
 28874 | D:14     | Noticed Roxanne
 28882 | D:14     | Killed Roxanne
 29075 | D:15     | Entered Level 15 of the Dungeon
 29208 | D:15     | Found a staircase to the Depths.
 29257 | D:15     | Noticed Kirke
 29416 | D:15     | Noticed Azrael
 29422 | D:15     | Killed Azrael
 29759 | D:15     | Killed Kirke
 30165 | Shoals:1 | Entered Level 1 of the Shoals
 30592 | Shoals:1 | Noticed a kraken
 30604 | Shoals:1 | Killed a kraken
 30691 | Shoals:2 | Found Cegorel's Weapon Emporium.
 30952 | Shoals:2 | Noticed a kraken
 30965 | Shoals:2 | Killed a kraken
 31734 | Shoals:4 | Entered Level 4 of the Shoals
 31832 | Shoals:4 | Reached XP level 18. HP: 181/187 MP: 18/18
 32022 | Shoals:4 | Identified the +4 trident of the Peculiar Gods {protect,
                  | rF+}
 32059 | Shoals:4 | Identified the +0 short sword of a treasure trove {venom,
                  | Int+3}
 32101 | Shoals:4 | Got a barnacled rune of Zot
 33675 | Vaults:1 | Entered Level 1 of the Vaults
 34451 | Vaults:1 | Noticed Aizul
 34463 | Vaults:1 | Killed Aizul
 34583 | Vaults:1 | Got the Codex of Bruises
 35101 | Vaults:2 | Found Yptubie's Armour Boutique.
 35198 | Vaults:2 | Found Hemiost's General Store.
 35409 | Vaults:2 | Reached XP level 19. HP: 189/195 MP: 19/19
 35737 | Vaults:2 | Noticed Xtahua
 35746 | Vaults:2 | Killed Xtahua
 35812 | Vaults:2 | Found Aroit's Magic Scroll Boutique.
 35817 | Vaults:2 | Bought a scroll of teleportation for 45 gold pieces
 35817 | Vaults:2 | Bought a scroll of teleportation for 45 gold pieces
 36071 | Vaults:2 | Found a staircase to the Crypt.
 36314 | Vaults:3 | Found Hiduit's Armour Boutique.
 36858 | Vaults:3 | Reached skill level 5 in Dodging
 37553 | Vaults:4 | Reached skill level 17 in Unarmed Combat
 38477 | Elf:1    | Entered Level 1 of the Elven Halls
 38544 | Elf:1    | Got Gaibiaton's Vellum of Momentum
 38594 | Elf:1    | Found a radiant altar of Vehumet.
 38828 | Elf:1    | Identified the ring "Hidialak" {rC+ Str+6}
 39183 | Elf:1    | Reached XP level 20. HP: 208/208 MP: 20/20
 39581 | Elf:2    | Reached skill level 18 in Unarmed Combat
 39706 | Elf:2    | Found a runed translucent gate.
 39708 | Elf:2    | Found a runed translucent gate.
 39712 | Elf:2    | Found a runed translucent gate.
 39751 | Elf:3    | Entered Level 3 of the Elven Halls
 39780 | Elf:3    | Identified the +1 leather armour of Faemonn {Int+3 Dex+4}
 39888 | Elf:3    | Found Tuweutso's Jewellery Shoppe.
 40084 | Elf:3    | Found Beamam's Antique Armour Shoppe.
 40130 | Elf:3    | Noticed Louise
 40130 | Abyss:2  | Found a corrupted altar of Lugonu.
 40130 | Abyss:2  | Cast into level 2 of the Abyss (Louise)
 40148 | Abyss:2  | Found a corrupted altar of Lugonu.
 40283 | Elf:3    | Escaped the Abyss
 40288 | Elf:3    | Killed Louise
 40365 | Elf:3    | Found a transporter.
 40368 | Elf:3    | Found Bewus's Antique Armour Shoppe.
 40387 | Elf:3    | Got the Collected Works on the Collective Squall
 40397 | Elf:3    | Found a transporter.
 40699 | Elf:3    | Reached skill level 19 in Unarmed Combat
 40791 | Elf:3    | Identified the +0 leather armour of Love and Death {rElec}
 40792 | Elf:3    | Identified the +0 scale mail "Guimetett" {Harm}
 40802 | Elf:3    | Identified the +2 bardiche "Starlight" {heavy, +Blink MP+9}
 40946 | Elf:3    | Found Oqemugoa's Book Shoppe.
 40952 | Elf:3    | Bought a manual of Fighting for 1680 gold pieces
 41184 | Depths:1 | Entered Level 1 of the Depths
 41229 | Depths:1 | Reached skill level 15 in Fighting
 41414 | Depths:1 | Reached skill level 5 in Evocations
 41635 | Depths:1 | Found Big Baal Hell's Store.
 41674 | Depths:1 | Found a gateway to Hell.
 41836 | Depths:1 | Found a shimmering altar of Xom.
 42209 | Depths:2 | Noticed Saint Roka
 42228 | Depths:2 | Killed Saint Roka
 42521 | Depths:2 | Reached XP level 21. HP: 196/218 MP: 21/21
 42596 | Depths:2 | Found a one-way gateway to a ziggurat.
 42753 | Depths:2 | Found Ytack's Book Boutique.
 42756 | Depths:2 | Found Solam's Jewellery Emporium.
 42757 | Depths:2 | Found Qeinkuh's Book Boutique.
 42925 | Depths:2 | Noticed a shard shrike
 42925 | Depths:2 | Noticed a shard shrike
 42926 | Depths:2 | Noticed a shard shrike
 42938 | Depths:2 | Killed a shard shrike
 42948 | Depths:2 | Killed a shard shrike
 42958 | Depths:2 | Killed a shard shrike
 43256 | Depths:2 | Found a one-way gate leading to the halls of Pandemonium.
 43587 | Elf:3    | Bought the ring "Ubim" {Fire Fly Will+ Str-5 Stlth+} for
                  | 544 gold pieces
 43916 | Depths:3 | Found a one-way gate to the infinite horrors of the Abyss.
 43932 | Depths:3 | Noticed a juggernaut
 43941 | Depths:3 | Killed a juggernaut
 43947 | Depths:3 | Reached skill level 20 in Unarmed Combat
 43949 | Depths:3 | Noticed a juggernaut
 43965 | Depths:3 | Killed a juggernaut
 44000 | Depths:3 | Noticed a golden dragon
 44010 | Depths:3 | Killed a golden dragon
 44047 | Depths:3 | Found a flickering gateway to a bazaar.
 44056 | Bazaar   | Entered a bazaar
 44118 | Bazaar   | Found Veockat's Assorted Antiques.
 44144 | Bazaar   | Found Eqi Cauc's Weapon Emporium.
 44192 | Bazaar   | Found Ilaruc's Weapon Emporium.
 45433 | Depths:2 | Bought the ring of Ruot {rC+ rCorr Str+2} for 611 gold
                  | pieces
 45433 | Depths:2 | Bought the ring "Ukirec" {Fire Drain Fly rElec Str+6} for
                  | 769 gold pieces
 45694 | Depths:4 | Entered Level 4 of the Depths
 45754 | Depths:4 | Reached skill level 1 in Armour
 45855 | Depths:4 | Identified the +5 war axe "Dragonbane" {protect, Will+
                  | Stlth+}
 45924 | Depths:4 | Reached XP level 22. HP: 112/232 MP: 1/22
 46061 | Depths:4 | Reached skill level 5 in Armour
 46184 | Depths:4 | Noticed a caustic shrike
 46184 | Depths:4 | Noticed a caustic shrike
 46191 | Depths:4 | Noticed a caustic shrike
 46197 | Depths:4 | Killed a caustic shrike
 46202 | Depths:4 | Killed a caustic shrike
 46205 | Depths:4 | Killed a caustic shrike
 46217 | Depths:4 | Noticed a golden dragon
 46227 | Depths:4 | Killed a golden dragon
 46501 | Depths:4 | Noticed a golden dragon
 46510 | Depths:4 | Killed a golden dragon
 46637 | Depths:4 | Found a gate to the Realm of Zot.
 47023 | Vaults:5 | Entered Level 5 of the Vaults
 47115 | Vaults:5 | Noticed a dread lich
 47119 | Vaults:5 | Killed a dread lich
 47268 | Vaults:5 | Reached skill level 10 in Armour
 47271 | Vaults:5 | Noticed Mara
 47274 | Vaults:5 | Noticed Olga's illusion
 47290 | Vaults:5 | Noticed Olga's illusion
 47299 | Vaults:5 | Killed Mara
 47376 | Vaults:5 | Identified the ring of Xaihaemi {Int+6 SInv}
 47441 | Vaults:5 | Got a silver rune of Zot
 47446 | Vaults:5 | Identified the +1 buckler "Utias" {Int+2}
 47512 | Vaults:5 | Identified the +10 dagger "Sumer" {drain, Int+6}
 47581 | Vaults:5 | Identified the ring "Molomuucw" {+Blink rPois MP+9}
 47729 | Vaults:5 | Identified the orb of a ziggurat {*Rage, rF+}
 47730 | Vaults:5 | Reached XP level 23. HP: 177/230 MP: 23/23
 48228 | Vaults:5 | Acquired the +0 cloak "Xafegoha" {-Cast rElec rF++ Int-3}
 48229 | Vaults:5 | Acquired 824 gold pieces
 48248 | Vaults:5 | Got the Discursus on Ashen Hail
 48759 | Crypt:1  | Entered Level 1 of the Crypt
 50179 | Crypt:2  | Got Itegefops's Cyclopedia of Malevolent Words
 51137 | Crypt:3  | Entered Level 3 of the Crypt
 51649 | Crypt:3  | Reached XP level 24. HP: 247/248 MP: 23/23
 51707 | Crypt:3  | Identified the staff "Ymicuim" {rElec rF+ rC++ rN+ Dex-5
                  | Necro}
 51788 | Crypt:3  | Reached skill level 21 in Unarmed Combat
 52042 | Crypt:3  | Noticed a royal mummy
 52054 | Crypt:3  | Killed a royal mummy
 52088 | Crypt:3  | Identified the amulet of Eqaobb {+Blink rC+++ Regen+ MP-9
                  | Dex+3}
 52257 | Crypt:3  | Reached skill level 15 in Armour
 52613 | Crypt:3  | Found a staircase to the Tomb.
 52794 | Crypt:3  | Identified the ring of Hironeach {rElec rF+ Str+6 Int+4}
 52811 | Crypt:3  | Got the Meditations on Gusty Scree
 52815 | Crypt:3  | Identified the +5 sling "Zuemm" {speed, rPois Will+}
 53405 | Zot:1    | Entered Level 1 of the Realm of Zot
 54997 | Zot:2    | Identified the +3 trident "Nununy" {pain, Will++ rCorr}
 55370 | Zot:3    | Found a shimmering altar of Xom.
 55371 | Zot:3    | Noticed a Killer Klown
 55371 | Zot:3    | Found a shimmering altar of Xom.
 55372 | Zot:3    | Found a shimmering altar of Xom.
 55372 | Zot:3    | Found a shimmering altar of Xom.
 55372 | Zot:3    | Found a glowing silver altar of Zin.
 55373 | Zot:3    | Found a shimmering altar of Xom.
 55373 | Zot:3    | Found a shimmering altar of Xom.
 55374 | Zot:3    | Found a shimmering altar of Xom.
 55374 | Zot:3    | Noticed a Killer Klown
 55376 | Zot:3    | Noticed a Killer Klown
 55381 | Zot:3    | Noticed a Killer Klown
 55450 | Zot:2    | Killed a Killer Klown
 55454 | Zot:2    | Reached skill level 22 in Unarmed Combat
 55464 | Zot:2    | Killed a Killer Klown
 55523 | Zot:2    | Killed a Killer Klown
 55600 | Zot:3    | Killed a Killer Klown
 55623 | Zot:3    | Noticed an orb of fire
 55625 | Zot:3    | Gained mutation: You are dopey. (Int -2) [an orb of fire]
 55631 | Zot:3    | Gained mutation: You sometimes lose your temper in combat.
                  | [an orb of fire]
 55634 | Zot:3    | Killed an orb of fire
 55790 | Zot:3    | Acquired 814 gold pieces
 55859 | Zot:3    | Reached XP level 25. HP: 245/270 MP: 14/23
 55957 | Zot:3    | Found a shimmering altar of Xom.
 55957 | Zot:3    | Found a shimmering altar of Xom.
 56356 | Zot:3    | Found a shimmering altar of Xom.
 56357 | Zot:3    | Found a shimmering altar of Xom.
 56362 | Zot:3    | Lost mutation: You sometimes lose your temper in combat.
                  | [potion of mutation]
 56362 | Zot:3    | Lost mutation: You are dopey. (Int -2) [potion of mutation]
 56362 | Zot:3    | Gained mutation: You have a somewhat thin skeletal
                  | structure. (Dex +2, Stealth+) [potion of mutation]
 56362 | Zot:3    | Gained mutation: You are clumsy. (Dex -2) [potion of
                  | mutation]
 56362 | Zot:3    | Gained mutation: You are somewhat resistant to further
                  | mutation. [potion of mutation]
 56686 | Orc:2    | Bought a potion of mutation for 112 gold pieces
 57604 | Zot:4    | Reached skill level 23 in Unarmed Combat
 57692 | Zot:4    | Got Vehumet's Codex of Arcane Combat
 57968 | Zot:5    | Entered Level 5 of the Realm of Zot
 58017 | Zot:5    | Noticed a Killer Klown
 58019 | Zot:5    | Killed a Killer Klown
 58266 | Zot:5    | Reached skill level 24 in Unarmed Combat
 58362 | Zot:5    | Noticed a dread lich
 58368 | Zot:5    | Killed a dread lich
 58369 | Zot:5    | Noticed an orb of fire
 58369 | Zot:5    | Noticed an orb of fire
 58374 | Zot:5    | Killed an orb of fire
 58374 | Zot:5    | Noticed a dread lich
 58376 | Zot:5    | Killed a dread lich
 58376 | Zot:5    | Noticed an orb of fire
 58377 | Zot:5    | Noticed an orb of fire
 58378 | Zot:5    | Gained mutation: Your body sometimes deteriorates upon
                  | taking damage. [an orb of fire]
 58378 | Zot:5    | Noticed a Killer Klown
 58379 | Zot:5    | Killed an orb of fire
 58380 | Zot:5    | Noticed an orb of fire
 58380 | Zot:5    | Killed a Killer Klown
 58380 | Zot:5    | Killed an orb of fire
 58381 | Zot:5    | Noticed a Killer Klown
 58383 | Zot:5    | Killed an orb of fire
 58388 | Zot:5    | Reached skill level 25 in Unarmed Combat
 58390 | Zot:5    | Killed a Killer Klown
 58416 | Zot:5    | Noticed an orb of fire
 58417 | Zot:5    | Noticed a Killer Klown
 58417 | Zot:5    | Killed an orb of fire
 58418 | Zot:5    | Reached XP level 26. HP: 225/282 MP: 14/23
 58420 | Zot:5    | Killed an orb of fire
 58421 | Zot:5    | Noticed an orb of fire
 58422 | Zot:5    | Noticed an orb of fire
 58423 | Zot:5    | Noticed an ancient lich
 58424 | Zot:5    | Killed an orb of fire
 58424 | Zot:5    | Noticed an orb of fire
 58427 | Zot:5    | Killed an ancient lich
 58428 | Zot:5    | Reached skill level 26 in Unarmed Combat
 58432 | Zot:5    | Killed an orb of fire
 58435 | Zot:5    | Noticed a dread lich
 58445 | Zot:5    | Killed a dread lich
 58646 | Zot:5    | Killed an orb of fire
 59797 | Slime:1  | Entered Level 1 of the Pits of Slime
 59808 | Slime:1  | Reached skill level 27 in Unarmed Combat
 60145 | Slime:5  | Entered Level 5 of the Pits of Slime
 60315 | Slime:5  | Noticed the Royal Jelly
 61020 | Slime:5  | Found a viscous altar of Jiyva.
 61088 | Slime:5  | Killed the Royal Jelly
 61198 | Slime:5  | Identified the +3 dagger of Nemelex Xobeh's Favour {freeze,
                  | rElec rC+++ Dex-4 SInv}
 61205 | Slime:5  | Identified the staff "Feredesaph" {Dex+2 Conj}
 61214 | Slime:5  | Identified the ring "Meirivuton" {AC+4 Int+5 Dex-4}
 61216 | Slime:5  | Got a slimy rune of Zot
 61246 | Slime:5  | Identified the staff "Naboent" {rPois rF+ Will+ Poison}
 61254 | Slime:5  | Got Sif Muna's Almanac of the Injurious Body
 61259 | Slime:5  | Identified the staff "Weolot" {rN+ Str+3 Necro}
 61280 | Slime:5  | Identified the staff "Bejy" {rN+ Int+2 Necro}
 61290 | Slime:5  | Identified the +0 long sword of Internal Strife {heavy,
                  | rElec Will- Str+9 Dex-3}
 62203 | Zot:5    | Got the Orb of Zot
 62232 | Zot:5    | Noticed Jinlearaell the pandemonium lord
 62326 | Zot:1    | Noticed Ykhuapui the pandemonium lord
 62953 | D:1      | Noticed Iwotwumai the pandemonium lord
 62956 | D:1      | Killed Iwotwumai the pandemonium lord
 62960 | D:$      | Escaped with the Orb!

Illustrated notes

Levels and vault maps discovered:
D:1:      shiori_arrival_oz, layout_loops_ring, serial_shops, shop
D:2:      layout_rooms
D:3:      layout_loops_cross, uniq_sigmund, uniq_terence
D:4:      layout_basic, hangedman_abyss_or_decor_stagger, grunt_ministairs_9,
          minmay_door_square, nrook_campfire
D:5:      layout_loops_ring, nicolae_overflow_squiral,
          chequers_temple_overflow_minitemple
D:6:      layout_basic, uniq_duvessa
D:7:      layout_gridville, eat_drink_and_be_merry_uskayaw,
          minmay_temple_entry_enclosed_plants, chequers_serial_rivers_room_a,
          uniq_maggie, uniq_joseph
D:8:      minmay_opposing_rooms, layout_rooms, kennysheep_cross_room, hex_medium
D:9:      layout_basic, nicolae_concentric_dashed_squares_mild,
          minmay_misc_feat_enclosed, uniq_harold, uniq_amaemon
D:10:     layout_basic
D:11:     layout_cross, portal_ice_cave_demonic_guard, uniq_nergalle,
          uniq_erolcha
D:12:     minmay_mutant_horseshoe, layout_stronghold, hiddenorc1_lemuel,
          minmay_radiant, uniq_jorgrun, uniq_snorg, uniq_urug
D:13:     layout_basic, grunt_vaults_entry_tiered, nicolae_shop_gadgets
D:14:     layout_irregular_city, hangedman_decor_diamond_cutter, uniq_roxanne
D:15:     grunt_enter_depths_snipers, layout_basic, serial_park_square1
          [serial_park_minivault_5x5_1], uniq_azrael, uniq_kirke
Temple:   nicolae_temple_bog_church
Lair:1:   layout_chaotic_city, serial_bayou_shore_b
Lair:2:   lemuel_slime, layout_layer_cave, grunt_megastairs_3
Lair:3:   layout_cave_pods, minmay_shoals_entry_beasts,
          guppyfry_snake_entry_garden, gammafunk_ghost_hive,
          dreamdust_gnoll_shepherd, uniq_rupert
Lair:4:   layout_cave_pods, lemuel_fruit_fields, grunt_megastairs_2,
          lemuel_fruit_tree, uniq_nessos
Lair:5:   grunt_lair_end_beastmaster, layout_small_grid, slime_entry_2,
          grunt_forest_large_clearing_hut
Shoals:1: layout_shoals, st_sunken_temple
Shoals:2: layout_shoals, serial_shops, shop
Shoals:3: layout_shoals, nicolae_shoals_water_elemental_grotto
Shoals:4: shoals_end_hellmonk_lost_city
Snake:1:  layout_misc_corridors, grunt_ministairs_15
Snake:2:  layout_onion, uniq_donald
Snake:3:  layout_concentric_octagons, minmay_shop_star
Snake:4:  johnstein_snake_rune_scales, layout_chambers,
          nicolae_shop_overcharged_wands, nicolae_triple_integral
Slime:1:  layout_caves
Slime:2:  cheibrodos_slime_lost_civilization_10, layout_caves,
          nicolae_slime_crime_time
Slime:3:  layout_caves, nicolae_slime_round_cave
Slime:4:  layout_caves, cheibrodos_slime_lost_civilization_7
Slime:5:  slime_pit
Orc:1:    layout_diamond_mine, nicolae_orc_lost_temple
Orc:2:    grunt_orc_gardens, layout_caves, grunt_orc_garden, grunt_orc_garden,
          grunt_orc_garden, grunt_orc_garden, uniq_josephine
Elf:1:    elf_arrival_001, layout_geoelf_diagonals, basic_altar,
          minmay_elf_annihilation
Elf:2:    elven_hall_of_blades_hangedman_original
          [nicolae_vaults_blade_armed_guards], layout_geoelf_grid
Elf:3:    minmay_elf_hall_curves, layout_geoelf_octagon, serial_shops, shop,
          shop, shop, nicolae_shop_drivethru, uniq_louise
Vaults:1: hangedman_vaults_unwind, vaults_mumra_hexcomb,
          nicolae_vaults_minivaults, ontoclasm_vaults_bender,
          ontoclasm_vaults_chip, v_misc_30,
          vaults_room_grunt_arrival_checkpoint, nicolae_vaults_octothorpe,
          vaults_room_semicircle, nicolae_vaults_mini_display_case, v_misc_24,
          nicolae_vaults_two_Ls, layout_vaults_omnicross, uniq_aizul
Vaults:2: nicolae_vaults_network_square, nicolae_vaults_house_1,
          nicolae_vaults_diagonal_hallway_8, nicolae_vaults_wine_cellar,
          v_misc_12, vaults_mumra_chevron_long, vaults_dpeg_cross,
          layout_vaults_chaotic_city, minmay_crypt_entry_simple_walls,
          serial_shops, shop_fountains, nicolae_shop_pleasant_corner_grove,
          nicolae_shop_hallway_plus, uniq_xtahua
Vaults:3: ontoclasm_vaults_gallery, vaults_room_grid, vaults_standard_mumra_x,
          hangedman_vaults_slice, vaults_room_ringed_pool,
          ontoclasm_vaults_shuriken, serial_ice_h, v_misc_33, vaults_room_pools,
          v_alt_pattern_5, grunt_vaults_hallway_long, grunt_vaults_hallway_long,
          dpeg_vaults_monster_row, layout_vaults_omnibox, serial_shops,
          shop_coins
Vaults:4: nicolae_vaults_layer_cake_slice, nicolae_vaults_inception_scallops,
          nicolae_vaults_trapezoid_layered, vaults_mumra_hex,
          nicolae_vaults_apartment_2, ontoclasm_vaults_ligature,
          nicolae_vaults_surprise_closet_hard, nicolae_vaults_tetromino_L_1,
          nicolae_vaults_storage_room_glass, layout_vaults_omnigrid
Vaults:5: serial_shops, uniq_mara
Crypt:1:  layout_regular_city, grunt_crypt_arrival_webbed
Crypt:2:  layout_basic, special_room [special_room_morgue], grunt_megastairs_5
Crypt:3:  due_elkab, layout_chaotic_city
Depths:1: layout_honeycomb, hangedman_decor_push,
          nicolae_hell_entry_big_baal_hell, grunt_decor_clamped, led_xom_imps
Depths:2: dreamdust_isle_of_ice, layout_cave_pools, enter_ziggurat_b,
          rand_demon_pan_entry_4, pf_vacation_house_of_asmodeus,
          dk_noncrumbling_4, kennysheep_generic_room_15, minmay_shop_grove,
          uniq_saint_roka
Depths:3: minmay_crescents, layout_gridlike, abyss_entry, serial_shops,
          bzr_entry_lakeside, hangedman_glass_teeth, hell_entry,
          serial_bayou_shore_b, uniq_margery, uniq_josephina
Depths:4: evilmike_zot_entry_hall, layout_basic, abyss_entry, pan_entry,
          chequers_big_river, hell_entry, serial_bayou_shore_a,
          kennysheep_random_hallway
Zot:1:    kennysheep_oblong_rooms, layout_onion
Zot:2:    layout_basic, st_small_dragon_hoard_1
Zot:3:    dreamdust_zin_vs_xom, layout_misc_corridors
Zot:4:    layout_concentric_octagons, grunt_ministairs_13
Zot:5:    layout_twisted_circle, lemuel_baited_zot_trap

Skill      XL: |  1  2  3  4  5  6  7  8  9 10 11 12 13 14 15 16 17 18 19 20 21 22 23 24 25 26 |
---------------+-------------------------------------------------------------------------------+-----
Shapeshifting  | 1 2 3 4 5 7 8 9 12 15 18 20 21 | 21.6
Unarmed Combat | 1 2 3 4 5 7 9 11 13 15 16 17 19 20 22 25 27 | 27.0
Fighting       | 1 2 3 4 5 7 9 11 12 13 14 15 16 17 19 21 | 21.5
Dodging        | 3 4 6 8 9 |  9.3
Evocations     | 3 4 5 6 7 |  7.4
Shields        | 6 7 9 |  9.7
Throwing       | 2 |  2.2
Armour         | 4 12 14 15 | 15.1
Short Blades   | |  0.7
Stealth        | |  1.5
Spellcasting   | |  1.2
Hexes          | |  2.0

Action                     |  1- 3 |  4- 6 |  7- 9 | 10-12 | 13-15 | 16-18 | 19-21 | 22-24 | 25-27 || total
---------------------------+-------+-------+-------+-------+-------+-------+-------+-------+-------++-------
  Melee: Unarmed           |   109 |   127 |   197 |   461 |  1564 |  1405 |   966 |  1718 |   638 ||  7185
         Constrict         |     5 |    26 |    40 |   114 |    63 |       |       |       |       ||   248
         Punch             |       |       |       |       |       |    27 |    99 |    86 |   128 ||   340
  Throw: Large rock        |       |       |       |       |       |     1 |       |     4 |       ||     5
 Invoke: Serpent's Lash    |       |       |       |     1 |     6 |     3 |     2 |     4 |     5 ||    21
         Heavenly Storm    |       |       |       |       |       |     1 |     2 |       |     2 ||     5
Ability: Lunge             |       |       |     1 |    36 |    84 |    96 |    97 |   124 |    62 ||   500
         Whirlwind         |       |       |       |     4 |    82 |    85 |    74 |    48 |    72 ||   365
         Siphon Essence    |       |       |       |       |       |       |     1 |       |       ||     1
  Evoke: Wand              |       |       |       |     4 |       |       |       |       |     2 ||     6
         Lightning rod     |       |       |       |       |     1 |       |       |       |       ||     1
    Use: Scroll            |       |     4 |    11 |     8 |    13 |     3 |     6 |     7 |     3 ||    55
         Potion            |       |       |       |       |     5 |     2 |    10 |     5 |     4 ||    26
   Stab: Sleeping          |     4 |     3 |     2 |     2 |    10 |     8 |     8 |     4 |     5 ||    46
         Distracted        |       |       |       |     1 |     3 |       |     1 |       |     2 ||     7
         Invisible         |       |       |       |       |     2 |       |       |       |       ||     2
 Armour: Robe              |    34 |       |       |       |       |       |       |       |       ||    34
         Skin              |     8 |    37 |    64 |    97 |    51 |   339 |    63 |    97 |    61 ||   817
         Troll leather arm |       |       |       |       |   322 |    95 |    19 |    19 |       ||   455
         Gold dragon scale |       |       |       |       |       |       |       |   207 |       ||   207
  Dodge: Dodged            |    47 |    41 |    64 |   253 |   463 |   477 |   575 |   608 |   434 ||  2962
  Block: Other             |       |    17 |    36 |    79 |     2 |    30 |    94 |    46 |       ||   304
         Reflection        |       |       |       |     3 |    56 |   123 |     5 |     7 |       ||   194
         Kite shield       |       |       |       |       |  1430 |  1381 |    82 |   709 |       ||  3602
   Form: Anaconda          |     2 |       |       |       |     1 |       |       |       |       ||     3
                           |     1 |       |       |       |     4 |     1 |       |       |       ||     6
         Storm             |       |       |       |       |     2 |     3 |     1 |     4 |       ||    10
         Statue            |       |       |       |       |       |     2 |       |       |       ||     2
         Death             |       |       |       |       |       |       |     2 |     3 |       ||     5

Table legend: (Time is in decaauts)
 A = Elapsed time spent in this place.
 B = Non-inter-level travel time spent in this place.
 C = Inter-level travel time spent in this place.
 D = Time resting spent in this place.
 E = Time spent auto-exploring this place.
 F = Levels seen in this place.
 G = Mean time per level.
                   A        B        C        D        E       F      G
               +--------+--------+--------+--------+--------+-----+--------+
         Total |  63435 |  54665 |   8770 |   6272 |  35934 |  59 | 1075.2 |
       Dungeon |  15787 |  12485 |   3302 |    652 |   9023 |  15 | 1052.5 |
        Temple |     42 |     24 |     18 |      0 |      0 |   1 |   42.0 |
          Lair |   6902 |   5802 |   1100 |    387 |   4002 |   5 | 1380.4 |
        Shoals |   4270 |   3927 |    343 |      3 |   3032 |   4 | 1067.5 |
     Snake Pit |   7421 |   7141 |    280 |   3205 |   2743 |   4 | 1855.2 |
    Slime Pits |   1739 |   1602 |    137 |    182 |    962 |   5 |  347.8 |
  Orcish Mines |   1588 |   1349 |    239 |    290 |    642 |   2 |  794.0 |
   Elven Halls |   2530 |   2190 |    340 |      2 |   1687 |   3 |  843.3 |
        Vaults |   6696 |   6132 |    564 |    249 |   4795 |   5 | 1339.2 |
         Crypt |   3823 |   3620 |    203 |    353 |   2096 |   3 | 1274.3 |
        Depths |   5908 |   4402 |   1506 |    213 |   3146 |   4 | 1477.0 |
           Zot |   5221 |   4487 |    734 |    597 |   2981 |   5 | 1044.2 |
         Abyss |    149 |    149 |      0 |      0 |    110 |   1 |  149.0 |
        Bazaar |    191 |    191 |      0 |      0 |    185 |   1 |  191.0 |
      Ice Cave |   1162 |   1162 |      0 |    137 |    529 |   1 | 1162.0 |
               +--------+--------+--------+--------+--------+-----+--------+

Top non-repeatable levels by time:
 Snake:4: 4902 daAuts
  Lair:5: 1934 daAuts
    D:12: 1899 daAuts
 Crypt:3: 1720 daAuts
Depths:4: 1658 daAuts
  Lair:3: 1619 daAuts
    D:15: 1609 daAuts
Vaults:2: 1598 daAuts
Depths:1: 1541 daAuts
Vaults:5: 1532 daAuts
Depths:3: 1451 daAuts
    D:13: 1410 daAuts
Vaults:1: 1401 daAuts
  Lair:2: 1347 daAuts
Shoals:1: 1315 daAuts
